BSA
ST CHARLES SHEENS @ SAN FRANCISCO BANDITS
08/17/2030
 
TOP OF THE 1ST
St Charles Sheens batting - Pitching for San Francisco Bandits : RHP Gennarino Lucchetti
Pitching: RHP Gennarino Lucchetti
Batting: RHB Miguel Palácios 0-0: Ball
1-0: Ball
2-0: Foul Ball, location: 2F
2-1: SINGLE (Flyball, 9LS)
Batting: RHB Jesús Hernández 0-0: Ball
1-0: Called Strike
1-1: Swinging Strike
1-2: Foul Ball, location: 2F
1-2: Ball
2-2: Foul Ball, location: 2F
2-2: 2-RUN HOME RUN (Flyball, 7D), Distance : 376 ft
Batting: RHB Ramón Molina 0-0: Foul Ball, location: 2F
0-1: SINGLE (Groundball, 4MD)
Batting: RHB Shawn Gutiérrez 0-0: Ball
1-0: 2-RUN HOME RUN (Flyball, 78XD), Distance : 387 ft
Batting: LHB Larry Howard 0-0: SOLO HOME RUN (Flyball, 9LD), Distance : 312 ft
Batting: RHB Víctor Arredondo 0-0: Ball
1-0: Swinging Strike
1-1: Foul Ball, location: 2F
1-2: Ball
2-2: Fly out, F8 (Flyball, 8LD)
Batting: RHB Sergio Pujols 0-0: Called Strike
0-1: Ball
1-1: Foul Ball, location: 2F
1-2: Ground out 4-3 (Groundball, 4S)
Batting: RHB Glen MacDonald 0-0: Called Strike
0-1: SINGLE (Line Drive, 4MD)
Batting: RHB Salvador Rodríguez 0-0: Called Strike
0-1: Called Strike
0-2: Foul Ball, location: 2F
0-2: Strikes out looking
Top of the 1st over - 5 runs, 6 hits, 0 errors, 1 left on base; St Charles 5 - San Francisco 0
BOTTOM OF THE 1ST
San Francisco Bandits batting - Pitching for St Charles Sheens : RHP Luis Ramírez
Pitching: RHP Luis Ramírez
Batting: RHB Scott Merritt 0-0: Called Strike
0-1: Fly out, F9 (Flyball, 9)
Batting: RHB Peter Bishop 0-0: Ball
1-0: Ball
2-0: Called Strike
2-1: Foul Ball, location: 2F
2-2: Foul Ball, location: 2F
2-2: Foul Ball, location: 2F
2-2: Ball
3-2: Reached on error, E6 (Groundball, 6)
Batting: LHB Chris Austin 0-0: Called Strike
0-1: Fly out, F7 (Flyball, 7S)
Batting: LHB Alan McGilroy 0-0: Ball
1-0: Foul Ball, location: 2F
1-1: Foul Ball, location: 2F
1-2: Foul Ball, location: 2F
1-2: SINGLE (Flyball, 7S)
Peter Bishop to third
Runner from 3rd tries for Home, SAFE, no throw
Batting: RHB Millard Stark 0-0: Swinging Strike
0-1: Called Strike
0-2: Strikes out swinging
Bottom of the 1st over - 1 run, 1 hit, 1 error, 1 left on base; St Charles 5 - San Francisco 1
TOP OF THE 2ND
St Charles Sheens batting - Pitching for San Francisco Bandits : RHP Gennarino Lucchetti
Batting: RHB Miguel Palácios 0-0: Called Strike
0-1: Ball
1-1: Foul Ball, location: 2F
1-2: Fly out, F8 (Flyball, 8LD)
Batting: RHB Jesús Hernández 0-0: Ball
1-0: Ball
2-0: Called Strike
2-1: Called Strike
2-2: Fly out, F5 (Line Drive, 5)
Batting: RHB Ramón Molina 0-0: Ball
1-0: SINGLE (Line Drive, 9S)
Batting: RHB Shawn Gutiérrez 0-0: Ball
1-0: Ground out 6-3 (Groundball, 6S)
Top of the 2nd over - 0 runs, 1 hit, 0 errors, 1 left on base; St Charles 5 - San Francisco 1
BOTTOM OF THE 2ND
San Francisco Bandits batting - Pitching for St Charles Sheens : RHP Luis Ramírez
Batting: RHB Michael Elliott 0-0: Called Strike
0-1: Ball
1-1: Ball
2-1: Swinging Strike
2-2: Foul Ball, location: 2F
2-2: Foul Ball, location: 2F
2-2: Strikes out swinging
Batting: RHB Javier Ramírez 0-0: Called Strike
0-1: Foul Ball, location: 2F
0-2: Ball
1-2: Strikes out looking
Batting: RHB Lorenzo Mota 0-0: Ball
1-0: SINGLE (Line Drive, 8RS)
Batting: RHB Ronald Parsons 0-0: Ball
1-0: Foul Ball, location: 2F
1-1: Ball
2-1: Fielders Choice at 2nd, 5-4 (Groundball, 56)
Bottom of the 2nd over - 0 runs, 1 hit, 0 errors, 1 left on base; St Charles 5 - San Francisco 1
TOP OF THE 3RD
St Charles Sheens batting - Pitching for San Francisco Bandits : RHP Gennarino Lucchetti
Batting: LHB Larry Howard 0-0: Called Strike
0-1: Ball
1-1: Foul Ball, location: 2F
1-2: Ground out 3-1 (Groundball, 34)
Batting: RHB Víctor Arredondo 0-0: Called Strike
0-1: Swinging Strike
0-2: Strikes out looking
Batting: RHB Sergio Pujols 0-0: Ball
1-0: Ball
2-0: Called Strike
2-1: Fly out, F8 (Line Drive, 8LM)
Top of the 3rd over - 0 runs, 0 hits, 0 errors, 0 left on base; St Charles 5 - San Francisco 1
BOTTOM OF THE 3RD
San Francisco Bandits batting - Pitching for St Charles Sheens : RHP Luis Ramírez
Batting: RHB Scott Merritt 0-0: Called Strike
0-1: Ball
1-1: Called Strike
1-2: Strikes out swinging
Batting: RHB Peter Bishop 0-0: Ball
1-0: Ball
2-0: Foul Ball, location: 2F
2-1: Ball
3-1: Foul Ball, location: 2F
3-2: Base on Balls
Batting: LHB Chris Austin 0-0: Ball
1-0: Called Strike
1-1: SINGLE (Groundball, 6MD)
Peter Bishop to second
Runner from 2nd tries for 3rd, SAFE, no throw
Batting: LHB Alan McGilroy 0-0: Ball
1-0: Ball
2-0: Called Strike
2-1: DOUBLE (Flyball, 89XD)
Peter Bishop scores
Chris Austin to third
Batting: RHB Millard Stark 0-0: Called Strike
0-1: Called Strike
0-2: DOUBLE (Line Drive, 8LXD)
Chris Austin scores
Alan McGilroy scores
Batting: RHB Michael Elliott 0-0: Ball
1-0: Called Strike
1-1: Ball
2-1: Ground out 1-3 (Groundball, P)
Millard Stark to third
Batting: RHB Javier Ramírez 0-0: Called Strike
0-1: Ball
1-1: Ball
2-1: Ball
3-1: Base on Balls
Batting: RHB Lorenzo Mota 0-0: Ball
1-0: Foul Ball, location: 2F
1-1: SINGLE (Groundball, 6MD)
Millard Stark scores
Javier Ramírez to second
Batting: RHB Ronald Parsons 0-0: Ball
1-0: Foul Ball, location: 2F
1-1: Foul Ball, location: 2F
1-2: Ball
2-2: Foul Ball, location: 2F
2-2: Ball
3-2: Fly out, F8 (Flyball, 8LXD)
Bottom of the 3rd over - 4 runs, 4 hits, 0 errors, 2 left on base; St Charles 5 - San Francisco 5
TOP OF THE 4TH
St Charles Sheens batting - Pitching for San Francisco Bandits : RHP Gennarino Lucchetti
Batting: RHB Glen MacDonald 0-0: Ball
1-0: Foul Ball, location: 2F
1-1: Fly out, F9 (Flyball, 89XD)
Batting: RHB Salvador Rodríguez 0-0: Ball
1-0: Ball
2-0: Foul Ball, location: 2F
2-1: Called Strike
2-2: Ball
3-2: SINGLE (Line Drive, 8LS)
Batting: RHB Miguel Palácios 0-0: Called Strike
0-1: Swinging Strike
0-2: Ball
1-2: Ball
2-2: Ball
3-2: Foul Ball, location: 2F
3-2: Base on Balls
Salvador Rodríguez to second
Pitching: RHP Miguel García
Batting: RHB Jesús Hernández 0-0: Ball
1-0: Called Strike
Salvador Rodríguez steals 3rd base
1-1: Foul Ball, location: 2F
1-2: Strikes out looking
Batting: RHB Ramón Molina 0-0: Called Strike
0-1: Ball
1-1: SINGLE (Line Drive, 34)
Salvador Rodríguez scores
Miguel Palácios to second
Batting: RHB Shawn Gutiérrez 0-0: Called Strike
0-1: Ball
1-1: Ball
2-1: Ball
3-1: Foul Ball, location: 2F
3-2: Foul Ball, location: 2F
3-2: Fly out, F7 (Flyball, 7LS)
Top of the 4th over - 1 run, 2 hits, 0 errors, 2 left on base; St Charles 6 - San Francisco 5
BOTTOM OF THE 4TH
San Francisco Bandits batting - Pitching for St Charles Sheens : RHP Luis Ramírez
Batting: RHB Scott Merritt 0-0: Called Strike
0-1: Fly out, F9 (Flyball, 89M)
Batting: RHB Peter Bishop 0-0: Fly out, F9 (Flyball, 9)
Batting: LHB Chris Austin 0-0: Swinging Strike
0-1: Swinging Strike
0-2: Ball
1-2: Strikes out swinging
Bottom of the 4th over - 0 runs, 0 hits, 0 errors, 0 left on base; St Charles 6 - San Francisco 5
TOP OF THE 5TH
St Charles Sheens batting - Pitching for San Francisco Bandits : RHP Miguel García
Batting: LHB Larry Howard 0-0: Called Strike
0-1: Ball
1-1: Ball
2-1: Called Strike
2-2: Strikes out swinging
Batting: RHB Víctor Arredondo 0-0: Foul Ball, location: 2F
0-1: Ball
1-1: Foul Ball, location: 2F
1-2: Ball
2-2: Strikes out swinging
Batting: RHB Sergio Pujols 0-0: Ball
1-0: Called Strike
1-1: Ball
2-1: Ball
3-1: Called Strike
3-2: Foul Ball, location: 2F
3-2: Foul Ball, location: 2F
3-2: Base on Balls
Batting: RHB Glen MacDonald 0-0: Ball
1-0: Ball
2-0: Ball
3-0: Called Strike
3-1: Base on Balls
Sergio Pujols to second
Batting: RHB Salvador Rodríguez 0-0: Swinging Strike
0-1: Called Strike
0-2: Strikes out swinging
Top of the 5th over - 0 runs, 0 hits, 0 errors, 2 left on base; St Charles 6 - San Francisco 5
BOTTOM OF THE 5TH
San Francisco Bandits batting - Pitching for St Charles Sheens : RHP Luis Ramírez
Batting: LHB Alan McGilroy 0-0: Called Strike
0-1: Ground out 4-3 (Groundball, 4M)
Batting: RHB Millard Stark 0-0: Called Strike
0-1: Foul Ball, location: 2F
0-2: Foul Ball, location: 2F
0-2: Foul Ball, location: 2F
0-2: Fly out, F7 (Flyball, 7LSF)
Batting: RHB Michael Elliott 0-0: Called Strike
0-1: Foul Ball, location: 2F
0-2: Ball
1-2: Strikes out swinging
Bottom of the 5th over - 0 runs, 0 hits, 0 errors, 0 left on base; St Charles 6 - San Francisco 5
TOP OF THE 6TH
St Charles Sheens batting - Pitching for San Francisco Bandits : RHP Miguel García
Batting: RHB Miguel Palácios 0-0: Ball
1-0: Ball
2-0: Fly out, F7 (Flyball, 78M)
Batting: RHB Jesús Hernández 0-0: Foul Ball, location: 2F
0-1: Swinging Strike
0-2: Foul Ball, location: 2F
0-2: Strikes out swinging
Batting: RHB Ramón Molina 0-0: Foul Ball, location: 2F
0-1: Ball
1-1: Called Strike
1-2: SINGLE (Line Drive, 34D)
Pitching: RHP Alfonso Martínez
Batting: RHB Shawn Gutiérrez 0-0: Called Strike
0-1: Ground out 4-3 (Groundball, 4)
Top of the 6th over - 0 runs, 1 hit, 0 errors, 1 left on base; St Charles 6 - San Francisco 5
BOTTOM OF THE 6TH
San Francisco Bandits batting - Pitching for St Charles Sheens : RHP Luis Ramírez
Pitching: RHP Alejandro Longoria
Batting: RHB Javier Ramírez 0-0: Ball
1-0: Ball
2-0: Ball
3-0: Called Strike
3-1: Base on Balls
Batting: RHB Lorenzo Mota 0-0: Ball
1-0: Swinging Strike
1-1: Swinging Strike
Javier Ramírez is caught stealing 2nd base
1-2: Foul Ball, location: 2F
1-2: Foul Ball, location: 2F
1-2: Ball
2-2: Ball
3-2: Fly out, F9 (Flyball, 9S)
Batting: RHB Ronald Parsons 0-0: Called Strike
0-1: Called Strike
0-2: Ball
1-2: Strikes out swinging
Bottom of the 6th over - 0 runs, 0 hits, 0 errors, 0 left on base; St Charles 6 - San Francisco 5
TOP OF THE 7TH
St Charles Sheens batting - Pitching for San Francisco Bandits : RHP Alfonso Martínez
Pitching: LHP Armando Rodríguez
Batting: LHB Larry Howard 0-0: Ball
1-0: Foul Ball, location: 2F
1-1: Swinging Strike
1-2: Ball
2-2: Ground out 5-3 (Groundball, 5L)
Pitching: RHP Carlos Ledezma
Batting: RHB Víctor Arredondo 0-0: SINGLE (Groundball, 6MD)
Batting: RHB Sergio Pujols 0-0: Called Strike
0-1: Called Strike
Víctor Arredondo steals 2nd base
0-2: Ball
1-2: Ground out 5-3 (Groundball, 56)
Batting: RHB Glen MacDonald 0-0: Foul Ball, location: 2F
0-1: Foul Ball, location: 2F
0-2: Ball
1-2: Ball
2-2: Fly out, F8 (Flyball, 8RM)
Top of the 7th over - 0 runs, 1 hit, 0 errors, 1 left on base; St Charles 6 - San Francisco 5
BOTTOM OF THE 7TH
San Francisco Bandits batting - Pitching for St Charles Sheens : RHP Alejandro Longoria
Batting: RHB Scott Merritt 0-0: Called Strike
0-1: Ball
1-1: Ball
2-1: Ground out 6-3 (Groundball, 6S)
Batting: RHB Peter Bishop 0-0: Called Strike
0-1: DOUBLE (Line Drive, 78D)
Batting: LHB Chris Austin 0-0: Called Strike
Peter Bishop steals 3rd base
0-1: Foul Ball, location: 2F
0-2: Foul Ball, location: 2F
0-2: Strikes out looking
Batting: LHB Alan McGilroy 0-0: Called Strike
0-1: Ground out 4-3 (Groundball, 4S)
Bottom of the 7th over - 0 runs, 1 hit, 0 errors, 1 left on base; St Charles 6 - San Francisco 5
TOP OF THE 8TH
St Charles Sheens batting - Pitching for San Francisco Bandits : RHP Carlos Ledezma
Batting: RHB Salvador Rodríguez 0-0: Foul Ball, location: 2F
0-1: Swinging Strike
0-2: Fly out, F8 (Flyball, 8LM)
Batting: RHB Miguel Palácios 0-0: Ball
1-0: Called Strike
1-1: Ball
2-1: Ball
3-1: SINGLE (Groundball, 56S) (infield hit)
Batting: RHB Jesús Hernández 0-0: Ball
Miguel Palácios steals 2nd base
1-0: Swinging Strike
1-1: SINGLE (Groundball, 6D)
Miguel Palácios to third
Runner from 3rd tries for Home, SAFE, no throw
Batting: RHB Ramón Molina 0-0: Ball
1-0: Foul Ball, location: 2F
1-1: Fly out, F4 (Line Drive, 4)
Batting: RHB Shawn Gutiérrez 0-0: Ball
Jesús Hernández steals 2nd base
1-0: Ball
2-0: Called Strike
2-1: Ball
3-1: Base on Balls
Batting: LHB Larry Howard 0-0: Called Strike
0-1: Foul Ball, location: 2F
0-2: Ball
1-2: Strikes out looking
Top of the 8th over - 1 run, 2 hits, 0 errors, 2 left on base; St Charles 7 - San Francisco 5
BOTTOM OF THE 8TH
San Francisco Bandits batting - Pitching for St Charles Sheens : RHP Alejandro Longoria
Batting: RHB Millard Stark 0-0: SINGLE (Groundball, 6S) (infield hit)
Batting: RHB Michael Elliott 0-0: Foul Ball, location: 2F
0-1: Ball
1-1: Called Strike
1-2: Fly out, F9 (Flyball, 89S)
Batting: RHB Javier Ramírez 0-0: Ball
1-0: Called Strike
1-1: Fly out, F7 (Line Drive, 7D)
Pitching: RHP Jesse Jones
Batting: RHB Lorenzo Mota 0-0: Called Strike
0-1: Swinging Strike
0-2: Ball
1-2: Foul Ball, location: 2F
1-2: Ball
2-2: Strikes out swinging
Bottom of the 8th over - 0 runs, 1 hit, 0 errors, 1 left on base; St Charles 7 - San Francisco 5
TOP OF THE 9TH
St Charles Sheens batting - Pitching for San Francisco Bandits : RHP Carlos Ledezma
Batting: RHB Víctor Arredondo 0-0: Called Strike
0-1: Called Strike
0-2: Foul Ball, location: 2F
0-2: Ball
1-2: Foul Ball, location: 2F
1-2: Ground out 5-3 (Groundball, 56)
Batting: RHB Sergio Pujols 0-0: Called Strike
0-1: SINGLE (Flyball, 8RS)
Batting: RHB Glen MacDonald 0-0: Called Strike
0-1: Swinging Strike
0-2: Foul Ball, location: 2F
0-2: Foul Ball, location: 2F
0-2: Ball
1-2: Strikes out swinging
Batting: RHB Salvador Rodríguez 0-0: Fly out, F7 (Flyball, 7D)
Top of the 9th over - 0 runs, 1 hit, 0 errors, 1 left on base; St Charles 7 - San Francisco 5
BOTTOM OF THE 9TH
San Francisco Bandits batting - Pitching for St Charles Sheens : RHP Jesse Jones
Pitching: RHP Bob Martin
Batting: RHB Ronald Parsons 0-0: Called Strike
0-1: Ball
1-1: Foul Ball, location: 2F
1-2: Foul Ball, location: 2F
1-2: Ball
2-2: Ball
3-2: SINGLE (Line Drive, 4D)
Pinch Hitting: LHB Mario García 0-0: Ball
1-0: Fly out, F8 (Flyball, 8LM)
Batting: RHB Peter Bishop 0-0: DOUBLE (Line Drive, 8LD)
Ronald Parsons to third
Batting: LHB Chris Austin 0-0: Called Strike
0-1: Foul Ball, location: 2F
0-2: Strikes out swinging
Batting: LHB Alan McGilroy 0-0: Foul Ball, location: 2F
0-1: Ball
1-1: Ball
2-1: Ball
3-1: Base on Balls
Batting: RHB Millard Stark 0-0: DOUBLE (Line Drive, 89D)
Ronald Parsons scores
Peter Bishop scores
Alan McGilroy to third
Batting: RHB Michael Elliott 0-0: Ball
1-0: Swinging Strike
1-1: Called Strike
1-2: Ball
2-2: Strikes out swinging
Bottom of the 9th over - 2 runs, 3 hits, 0 errors, 2 left on base; St Charles 7 - San Francisco 7
TOP OF THE 10TH
St Charles Sheens batting - Pitching for San Francisco Bandits : RHP Carlos Ledezma
Pitching: RHP Kunihiko Daikawa
Now in CF: Mario García
Batting: RHB Miguel Palácios 0-0: Called Strike
0-1: Called Strike
0-2: Ground out 4-3 (Groundball, 34)
Batting: RHB Jesús Hernández 0-0: Called Strike
0-1: Foul Ball, location: 2F
0-2: Ball
1-2: Ball
2-2: Ball
3-2: Ground out 5-3 (Groundball, 56)
Batting: RHB Ramón Molina 0-0: Foul Ball, location: 2F
0-1: Ball
1-1: Ball
2-1: Swinging Strike
2-2: SINGLE (Groundball, 34D)
Batting: RHB Shawn Gutiérrez 0-0: Called Strike
0-1: Foul Ball, location: 2F
0-2: Ball
1-2: Strikes out swinging
Top of the 10th over - 0 runs, 1 hit, 0 errors, 1 left on base; St Charles 7 - San Francisco 7
BOTTOM OF THE 10TH
San Francisco Bandits batting - Pitching for St Charles Sheens : RHP Bob Martin
Pitching: RHP José González
Batting: RHB Javier Ramírez 0-0: Ball
1-0: Called Strike
1-1: Ball
2-1: Foul Ball, location: 2F
2-2: Fly out, F7 (Flyball, 78M)
Batting: RHB Lorenzo Mota 0-0: SINGLE (Line Drive, 78S)
Batting: RHB Ronald Parsons 0-0: Called Strike
Lorenzo Mota steals 2nd base
0-1: Ball
1-1: Swinging Strike
1-2: Ball
2-2: Fly out, F8 (Flyball, 8LS)
Batting: LHB Mario García 0-0: Foul Ball, location: 2F
0-1: Ball
1-1: Ball
2-1: Ball
3-1: Swinging Strike
3-2: Foul Ball, location: 2F
3-2: Foul Ball, location: 2F
3-2: Strikes out swinging
Bottom of the 10th over - 0 runs, 1 hit, 0 errors, 1 left on base; St Charles 7 - San Francisco 7
TOP OF THE 11TH
St Charles Sheens batting - Pitching for San Francisco Bandits : RHP Kunihiko Daikawa
Batting: LHB Larry Howard 0-0: Foul Ball, location: 2F
0-1: SINGLE (Line Drive, 4MD)
Batting: RHB Víctor Arredondo 0-0: Fly out, F7 (Flyball, 7D)
Batting: RHB Sergio Pujols 0-0: Ground out 5-3 (Groundball, 56S)
Larry Howard to second
Batting: RHB Glen MacDonald 0-0: DOUBLE (Flyball, 89XD)
Larry Howard scores
Batting: RHB Salvador Rodríguez 0-0: Fly out, F5 (Popup, 5SF)
Top of the 11th over - 1 run, 2 hits, 0 errors, 1 left on base; St Charles 8 - San Francisco 7
BOTTOM OF THE 11TH
San Francisco Bandits batting - Pitching for St Charles Sheens : RHP José González
Batting: RHB Peter Bishop 0-0: Called Strike
0-1: Ball
1-1: Foul Ball, location: 2F
1-2: Ball
2-2: Fly out, F4 (Popup, 13)
Batting: LHB Chris Austin 0-0: Ball
1-0: Ball
2-0: Called Strike
2-1: Foul Ball, location: 2F
2-2: Ball
3-2: Ground out 6-3 (Groundball, 6)
Batting: LHB Alan McGilroy 0-0: Called Strike
0-1: Ball
1-1: Called Strike
1-2: Ball
2-2: Strikes out swinging
Bottom of the 11th over - 0 runs, 0 hits, 0 errors, 0 left on base; St Charles 8 - San Francisco 7
Saturday, April 7th, 2018 - OOTP Baseball 18.8 Build 76